 Dungeon Crawl Stone Soup version 0.28.0-53-g5a82cb258f (webtiles) character file.

Game seed: 13165849270472320812

1885 LustLizard the Thrower (level 9, -10/145 HPs)
             Began as an Ogre Hunter on June 14, 2022.
             Killed by divine providence
             ... invoked by an orc priest
              (13 damage)
             ... on level 7 of the Dungeon.
             The game lasted 00:12:50 (7956 turns).

LustLizard the Thrower (Ogre Hunter)                Turns: 7956, Time: 00:12:50

Health: -10/145    AC:  3    Str: 22    XL:     9   Next: 14%
Magic:  9/9        EV: 10    Int: 12    God:
Gold:   251        SH:  0    Dex:  9    Spells: 8/8 levels left

rFire   . . .      SeeInvis +   k - +0 hand axe (venom)
rCold   . . .      Faith    .   (no shield)
rNeg    . . .      Spirit   .   b - +0 robe
rPois   .          Reflect  .   (helmet restricted)
rElec   .          Harm     .   (no cloak)
rCorr   .          Rampage  .   (gloves unavailable)
Will    .....                   (boots unavailable)
Stlth   ..........              (no amulet)
HPRegen 0.34/turn               g - ring of see invisible
MPRegen 0.11/turn               x - +4 ring of slaying

@: berserking (expiring), very quick
A: large, unfitting armour, tough skin 1
a: no special abilities


You were on level 7 of the Dungeon.
You visited 1 branch of the dungeon, and saw 7 of its levels.

You collected 251 gold pieces.

Inventory:

Hand Weapons
 a - a +0 short sword
 j - a +1 dagger of flaming
 k - a +0 hand axe of venom (weapon)
Missiles
 c - 5 large rocks
 d - 2 throwing nets
 f - 123 stones (quivered)
 w - 6 javelins
 D - 16 boomerangs of dispersal
Armour
 b - a +0 robe (worn)
Jewellery
 g - a ring of see invisible (left hand)
 i - a ring of positive energy
 s - an amulet of guardian spirit
 v - a ring of protection from fire
 x - a +4 ring of slaying (right hand)
Wands
 o - a wand of flame (13)
 u - a wand of mindburst (11)
Scrolls
 e - a scroll of amnesia {unknown}
 h - a scroll of teleportation {unknown}
 m - a scroll of blinking
 n - 2 scrolls of vulnerability
 q - a scroll of enchant weapon {unknown}
 y - a scroll of noise {unknown}
 A - a scroll of fog {unknown}
 E - a scroll of magic mapping {unknown}
Potions
 p - 2 potions of curing
 t - 3 potions of lignification
 z - a potion of ambrosia {unknown}
 B - 2 potions of brilliance
 C - a potion of magic {unknown}


   Skills:
 + Level 8.9 Fighting
 * Level 10.1 Throwing
 * Level 2.4 Dodging
 - Level 0.6 Stealth
 * Level 1.2 Evocations


You had 8 spell levels left.
You didn't know any spells.
Your spell library contained the following spells:

 Spells                   Type           Power      Damage    Failure   Level
 Apportation              Tloc           0%         N/A       32%         1
 Pain                     Necr           0%         1d4       32%         1
 Ensorcelled Hibernation  Hex/Ice        0%         N/A       45%         2
 Spider Form              Tmut/Pois      0%         N/A       69%         3
 Anguish                  Hex/Necr       0%         N/A       97%         4
 Agony                    Necr           0%         N/A       100%        5
 Alistair's Intoxication  Tmut/Pois      0%         N/A       100%        5
 Excruciating Wounds      Necr           0%         N/A       100%        5


Dungeon Overview and Level Annotations

Branches:
Dungeon (7/15)
 Temple: D:4-7

Altars:
Fedhas
Nemelex Xobeh
Qazlal
Sif Muna
Uskayaw

Shops:
D:6 (


Innate Abilities, Weirdness & Mutations

You are too large for most types of armour.
You have tough skin. (AC +1)


Message History

* * * LOW HITPOINT WARNING * * *
You feel sick.
The sky beast flickers out of sight for a moment.
You feel sick.
You are no longer poisoned.
There is an escape hatch in the floor here.
The white imp gestures at you. The puff of frost hits you!
* * * LOW HITPOINT WARNING * * *
It was a potion of cancellation.
You feel magically purged.
It was a potion of berserk rage.
A red film seems to cover your vision as you go berserk!
You feel yourself moving faster!
You feel mighty! The white imp misses you.
You are too berserk!
You slash the white imp!
You kill the white imp!
You barely miss the sky beast.
The sky beast flickers out of sight for a moment.
The sky beast misses you.
You slash the sky beast!
The sky beast looks as sick as possible!
The sky beast is severely wounded.
The sky beast hits you.
* * * LOW HITPOINT WARNING * * *
The sky beast shocks you.
* * * LOW HITPOINT WARNING * * *
You barely miss the sky beast.
The sky beast is severely wounded.
The sky beast barely misses you.
You hit the sky beast.
The sky beast is almost dead.
The orc priest miscasts a cantrip.
The sky beast barely misses you.
You miss the sky beast.
The sky beast is almost dead.
You kill the sky beast!
The orc wizard closely misses you.
The orc priest invokes the aid of Beogh against you.
Beogh smites you!
You die...

y....... ...####. .o... ........
#5.♣ ######. #..# ###.# #. #y.##
##.#.# #. #.Y.## ########..#.# #.
#....# #...........# #.
####...o###########.###...# #.
.......yo..oyooo@.....#...# #.
####....###########.#.#...######.
#....# #.#............ #....#
#.####......... #.....
#.............. ######
######..####... ##.# #.... #.#
#.... #.###....


You could see a killer bee, an orc priest, 2 orc wizards and an orc.

Vanquished Creatures
  Sigmund (D:6)
  A water moccasin (D:5)
  An ice beast (D:6)
  A sky beast (D:7)
  A centaur (D:6)
  A phantom (D:5)
  2 kobold brigands (D:6)
  A bullfrog (D:6)
  3 scorpions
  A wyvern skeleton (D:6)
  A water moccasin zombie (D:6)
  2 water moccasin skeletons
  3 killer bees (D:7)
  A centaur zombie (D:5)
  An orc priest (D:6)
  A centaur skeleton (D:7)
  A hound (D:5)
  2 gnoll shamans (D:6)
  4 iguanas (D:5)
  A hound zombie (D:5)
  A hound skeleton (D:4)
  6 gnolls (D:6)
  10 adders
  2 white imps
  An adder skeleton (D:5)
  2 dart slugs
  17 orcs
  8 ball pythons
  6 endoplasms
  3 giant cockroaches
  8 goblins
  4 hobgoblins
  2 jackals (D:4)
  9 kobolds
  2 quokkas
  8 bats
  A frilled lizard (D:3)
  2 rats (D:1)
122 creatures vanquished.

Notes
Turn   | Place    | Note
-------+----------+-------------------------------------------
     0 | D:1      | LustLizard the Ogre Hunter began the quest for the Orb.
     0 | D:1      | Reached XP level 1. HP: 22/22 MP: 1/1
   111 | D:1      | Found a faded altar of an unknown god.
   208 | D:1      | Reached XP level 2. HP: 19/31 MP: 2/2
   992 | D:1      | Reached XP level 3. HP: 37/37 MP: 3/3
  1925 | D:2      | Found a blossoming altar of Fedhas.
  2356 | D:2      | Reached skill level 5 in Throwing
  2727 | D:3      | Reached XP level 4. HP: 44/48 MP: 4/4
  3446 | D:4      | Found a hide-covered altar of Uskayaw.
  3945 | D:4      | Reached XP level 5. HP: 42/55 MP: 5/5
  4266 | D:4      | Reached skill level 6 in Throwing
  5023 | D:5      | Entered Level 5 of the Dungeon
  5036 | D:5      | Noticed a water moccasin
  5051 | D:5      | Killed a water moccasin
  5052 | D:5      | Reached skill level 5 in Fighting
  5052 | D:5      | Reached XP level 6. HP: 26/66 MP: 6/6
  5614 | D:5      | Reached skill level 7 in Throwing
  5614 | D:5      | Reached XP level 7. HP: 67/74 MP: 7/7
  6432 | D:6      | Reached skill level 8 in Throwing
  6439 | D:6      | Reached XP level 8. HP: 65/87 MP: 8/8
  6565 | D:6      | Found a sparkling altar of Nemelex Xobeh.
  6565 | D:6      | Found a shimmering blue altar of Sif Muna.
  6714 | D:6      | Noticed Sigmund
  6720 | D:6      | Killed Sigmund
  6721 | D:6      | Reached skill level 9 in Throwing
  6834 | D:6      | Found Fecruir's Weapon Shop.
  7806 | D:7      | Reached XP level 9. HP: 94/97 MP: 9/9
  7835 | D:7      | Found a stormy altar of Qazlal.
  7930 | D:7      | Reached skill level 10 in Throwing
  7942 | D:7      | Reached skill level 1 in Evocations
  7952 | D:7      | HP: 7/145 [sky beast (3)]
  7952 | D:7      | HP: 2/145 [sky beast (5)]
  7956 | D:7      | Killed from afar by an orc priest

Illustrated notes

Levels and vault maps discovered:
D:1:      psy_arrival_radial02, layout_basic, ebering_ecumenical_altar_abandoned
D:2:      layout_basic, basic_altar
D:3:      layout_basic, kennysheep_pointless_box,
          nicolae_concentric_dashed_squares_wild
D:4:      layout_layer_cave, nicolae_uskayaw_murder_on_the_dancefloor,
          st_stairs_8, hangedman_decor_push, minmay_misc_feat_diagonals,
          corner_web_ring
D:5:      layout_gridville
D:6:      layout_cave_pools, nicolae_overflow_hidden_temple, serial_shops,
          nicolae_shop_bloodbath_and_beyond, grunt_ministairs_5,
          minmay_unpleasant_kobolds, uniq_sigmund
D:7:      minmay_angry_zag, layout_basic, elyvilon_altar_3,
          nicolae_qazlal_eye_of_the_storm, slow_altar_2,
          minmay_temple_entry_arrows, nicolae_elemental_shop,
          minmay_misc_feat_more_columns

Skill      XL: |  1  2  3  4  5  6  7  8  9 |
---------------+----------------------------+-----
Fighting       | 3 4 5 7 8 |  8.9
Throwing       | 5 6 7 8 9 10 | 10.1
Dodging        | 2 |  2.4
Evocations     | 1 |  1.2
Stealth        | |  0.6

Action                   |  1- 3 |  4- 6 |  7- 9 || total
-------------------------+-------+-------+-------++-------
Melee: Short sword       |    43 |       |       ||    43
       Hand axe          |    26 |    90 |    87 ||   203
       Punch             |     1 |     2 |     1 ||     4
Throw: Stone             |    91 |   119 |   115 ||   325
Evoke: Wand              |       |       |     5 ||     5
  Use: Scroll            |     1 |       |     4 ||     5
       Potion            |       |       |     3 ||     3
Armor: Robe              |    35 |    22 |    31 ||    88
Dodge: Dodged            |    36 |    55 |    76 ||   167
